 Dungeon Crawl Stone Soup version 0.25-a0-41-g6cf4ce537d (webtiles) character file.

Game seed: 265842363045593879, levelgen mode: deterministic

146 Alarkh the Slasher (level 5, 41/41 HPs)
             Began as a Demonspawn Fighter on Oct 21, 2019.
             Got out of the dungeon alive.
             The game lasted 00:01:02 (1743 turns).

Alarkh the Slasher (Demonspawn Fighter)             Turns: 1743, Time: 00:01:02

Health: 41/41      AC:  6    Str: 16    XL:     5   Next: 7%
Magic:  5/5        EV:  6    Int: 11    God:
Gold:   129        SH:  8    Dex: 12    Spells: 4/4 levels left

rFire    . . .     SeeInvis .   a - +0 long sword
rCold    . . .     Gourm    +   c - +0 shield
rNeg     . . .     Faith    .   b - +0 scale mail
rPois    .         Spirit   .   (helmet restricted)
rElec    .         Reflect  .   k - scarf {repulsion}
rCorr    .         Harm     .   (no gloves)
MR       .....                  (no boots)
Stlth    ..........             g - amulet of the gourmand
HPRegen  0.13/turn              (no ring)
MPRegen  0.09/turn              (no ring)

@: repel missiles
A: horns 1, spiny 1, rot immunity
a: no special abilities


You escaped.
You were hungry.

You visited 1 branch of the dungeon, and saw 3 of its levels.

You collected 129 gold pieces.

Inventory:

Hand Weapons
 a - a +0 long sword (weapon)
Armour
 b - a +0 scale mail (worn)
 c - a +0 shield (worn)
 k - a scarf of repulsion (worn)
Jewellery
 g - an amulet of the gourmand (around neck)
Scrolls
 h - 2 scrolls of remove curse {unknown}
 i - 2 scrolls of fog {unknown}
 j - a scroll of amnesia {unknown}
 l - a scroll of teleportation {unknown}
Potions
 d - a potion of might
 e - a potion of brilliance {unknown}
 m - a potion of heal wounds {unknown}
 n - 2 potions of magic {unknown}
Comestibles
 f - 5 rations


   Skills:
 - Level 3.0 Fighting
 + Level 4.8 Long Blades
 - Level 2.6 Armour
 - Level 2.6 Shields


You had 4 spell levels left.
You didn't know any spells.
Your spell library was empty.

Dungeon Overview and Level Annotations

Branches:
Dungeon (3/15)

Altars:


Innate Abilities, Weirdness & Mutations

You have a pair of small horns on your head.
You are partially covered in sharp spines.
You are immune to rotting.


Message History

The orc hits you with a +0 dagger.
An orc is nearby!
You slash the orc!
You kill the orc!
Key pressed, stopping explore.
No target in view!
Key pressed, stopping explore.
No target in view!
Unknown command.
There is a stone staircase leading up here.
You climb upwards.
There is a stone staircase leading down, spattered with blood here.
There is a stone staircase leading up here.
You climb upwards.
There is a stone staircase leading down here.
There is an open door here.
HP restored.
There is a staircase leading out of the dungeon here.
Are you sure you want to leave the Dungeon?
This will make you lose the game!
You have escaped!

##### ######.@.######
###.............###
########...[............(###
.......'.................'.#
######.#.................#.#
#.###.............###.# #.#
###.........### #.# #.#
###.....### #.# #.#
###.........### #.#


There were no monsters in sight!

Vanquished Creatures
  Jessica (D:2)
  Terence (D:2)
  3 adders
  An ooze (D:1)
  3 worms
  A leopard gecko (D:2)
  An orc (D:3)
  5 bats
  2 giant cockroaches (D:2)
  4 goblins
  9 hobgoblins
  5 jackals (D:2)
  A quokka (D:2)
  3 ball pythons
  2 frilled lizards (D:2)
  4 kobolds
  6 rats
52 creatures vanquished.

Notes
Turn   | Place    | Note
-------+----------+-------------------------------------------
     0 | D:1      | Alarkh the Demonspawn Fighter began the quest for the Orb.
     0 | D:1      | Reached XP level 1. HP: 18/18 MP: 1/1
    50 | D:1      | Reached skill level 2 in Long Blades
   165 | D:1      | Gained mutation: You are partially covered in sharp spines.
                  | [demonic ancestry]
   165 | D:1      | Reached XP level 2. HP: 9/24 MP: 2/2
   905 | D:2      | Noticed Jessica
   909 | D:2      | Killed Jessica
   909 | D:2      | Reached skill level 3 in Long Blades
   909 | D:2      | Gained mutation: You have a pair of small horns on your
                  | head. [demonic ancestry]
   909 | D:2      | Reached XP level 3. HP: 29/29 MP: 3/3
  1081 | D:2      | Reached skill level 4 in Long Blades
  1081 | D:2      | Reached XP level 4. HP: 25/35 MP: 4/4
  1251 | D:2      | Noticed Terence
  1257 | D:2      | Killed Terence
  1680 | D:3      | Gained mutation: You are immune to rotting. [demonic
                  | ancestry]
  1680 | D:3      | Reached XP level 5. HP: 38/41 MP: 5/5
  1743 | D:$      | Got out of the dungeon alive.

Levels and vault maps discovered:
D:1:      nzn_arrival_depleted_hourglass, layout_basic
D:2:      layout_loops_ring, first_ration, minmay_close_crescents, uniq_jessica,
          uniq_terence
D:3:      layout_rooms, st_stairs_12, grunt_dithmenos_smoke

Skill      XL: |  1  2  3 |
---------------+----------+-----
Long Blades    | 2 3 4 |  4.8
Fighting       | |  3.0
Armour         | |  2.6
Shields        | |  2.6

Action                   |  1- 3 |  4- 6 || total
-------------------------+-------+-------++-------
Melee: Long sword        |    53 |    52 ||   105
       Headbutt          |     4 |    15 ||    19
  Eat: Chunk             |       |     2 ||     2
Armor: Scale mail        |    19 |    23 ||    42
Dodge: Dodged            |    21 |    16 ||    37
       Deflected         |       |     1 ||     1
Block: Shield            |    25 |    25 ||    50
       Rpst.: Long sword |    10 |     2 ||    12

Table legend:
 A = Non-vault XP
 B = Vault XP
 C = Vault XP percentage of total XP
 D = Non-vault monster count
 E = Vault monster count
 F = Vault count percentage of total count
                 A         B        C        D         E       F
            +---------+---------+-------+---------+---------+-------
      Total |     113 |      96 |  45.9 |      43 |       9 |  17.3
            +---------+---------+-------+---------+---------+-------
        D:1 |      28 |       0 |   0.0 |      13 |       0 |   0.0
        D:2 |      56 |      94 |  62.7 |      22 |       8 |  26.7
        D:3 |      29 |       2 |   6.5 |       8 |       1 |  11.1
            +---------+---------+-------+---------+---------+-------
